 Dungeon Crawl Stone Soup version 0.22.1-2-g9c5b331 (webtiles) character file.

51 wyoknott the Grave Robber (level 3, -8/24 HPs)
             Began as a Demonspawn Necromancer on Nov 26, 2018.
             Mangled by Sigmund
             ... wielding a +0 scythe
              (9 damage)
             ... on level 2 of the Dungeon.
             The game lasted 00:06:27 (1734 turns).

wyoknott the Grave Robber (Demonspawn Necromancer)  Turns: 1734, Time: 00:06:28

Health: -8/24      AC:  2    Str:  8    XL:     3   Next: 57%
Magic:  2/6        EV: 12    Int: 17    God:
Gold:   66         SH:  0    Dex: 13    Spells: 6/7 levels left

rFire    . . .     SeeInvis .   b - +0 short sword
rCold    . . .     Gourm    .   (no shield)
rNeg     . . .     Faith    .   a - +0 robe
rPois    .         Spirit   .   (no helmet)
rElec    .         Reflect  .   (no cloak)
rCorr    .         Harm     .   (no gloves)
MR       .....                  (no boots)
Stlth    +.........             (no amulet)
HPRegen  0.08/turn              (no ring)
MPRegen  0.10/turn              (no ring)

@: confused
A: hooves 1
a: no special abilities


You were on level 2 of the Dungeon.
You were not hungry.

You visited 1 branch of the dungeon, and saw 2 of its levels.

You collected 66 gold pieces.

Inventory:

Hand Weapons
 b - a +0 short sword (weapon)
 g - a +0 club
 l - a cursed -3 hunting sling
Armour
 a - a +0 robe (worn)
Scrolls
 i - a scroll of random uselessness {unknown}
 j - 2 scrolls of identify {unknown}
 k - a scroll of fog {unknown}
Potions
 e - a potion of curing {unknown}
 f - a potion of might {unknown}
 h - 2 potions of berserk rage {unknown}
Comestibles
 c - a ration


   Skills:
 + Level 0.1 Short Blades
 + Level 2.0 Dodging
 + Level 2.0 Stealth
 + Level 2.5 Spellcasting
 + Level 5.2 Necromancy


You had 6 spell levels left.
You knew the following spells:

 Your Spells              Type           Power        Failure   Level  Hunger
a - Pain                  Necr           ###.         2%          1    #......

Your spell library contained the following spells:

 Spells                   Type           Power        Failure   Level  Hunger
 Animate Skeleton         Necr           N/A          2%          1    #......
 Vampiric Draining        Necr           ###.......   6%          3    ###....
 Regeneration             Chrm/Necr      ##........   19%         3    ###....
 Animate Dead             Necr           N/A          22%         4    #####..


Dungeon Overview and Level Annotations

Branches:
Dungeon (2/15)

Altars:

Annotations:
D:2 Sigmund


Innate Abilities, Weirdness & Mutations

You have large cloven feet.


Message History

You barely miss something. Your kick misses something.
Something hits you but does no damage.
You barely miss something. You kick something.
You hear some strange, mumbled words.
A magic dart appears from out of thin air!
The magic dart hits you!
You hit something but do no damage. You kick something.
You hear some strange, mumbled words.
A puff of flame appears from out of thin air!
The puff of flame misses you.
You hit something. Your kick misses something. Something hits you!
You hit something.
You hear some strange, mumbled words.
You are confused.
You hear some strange, mumbled words.
A magic dart appears from out of thin air!
The magic dart hits you!
* * * LOW HITPOINT WARNING * * *
Something hits you!
You die...

#....#.....#.#..#
.......#.##..#.####
.....................
........###.....#####
................#
......#.#...!...#
#.#....<.....#
#.#..###.....#
.......{@..#
######.....# #....)#
#.....# #.....#
#.....# #.....#
#...###


There were no monsters in sight!

Vanquished Creatures
  A worm (D:2)
  3 dart slugs
  2 leopard geckos (D:1)
  4 bats
  4 giant cockroaches (D:1)
  5 goblins
  6 hobgoblins (D:1)
  2 jackals (D:1)
  A quokka (D:2)
  2 frilled lizards
  5 kobolds
35 creatures vanquished.

Notes
Turn   | Place    | Note
-------+----------+-------------------------------------------
     0 | D:1      | wyoknott the Demonspawn Necromancer began the quest for the
                  | Orb.
     0 | D:1      | Reached XP level 1. HP: 13/13 MP: 3/3
   363 | D:1      | Gained mutation: You have large cloven feet. [demonic
                  | ancestry]
   363 | D:1      | Reached XP level 2. HP: 16/19 MP: 0/5
   488 | D:1      | Reached skill level 5 in Necromancy
   963 | D:1      | Reached XP level 3. HP: 18/24 MP: 2/6
  1713 | D:2      | Noticed Sigmund
  1733 | D:2      | HP: 1/24 [something/magic dart (10)]
  1734 | D:2      | Mangled by Sigmund

Skill      XL: |  1  2  3 |
---------------+----------+-----
Necromancy     | 5 |  5.2
Dodging        | 2 |  2.0
Stealth        | 2 |  2.0
Short Blades   | |  0.1
Spellcasting   | |  2.5

Action                   || total
-------------------------++-------
Melee: Short sword       ||    59
       Kick              ||     9
 Cast: Pain              ||    59
  Use: Potion            ||     2
  Eat: Ration            ||     1
Armor: Robe              ||    13
Dodge: Dodged            ||    61
